 Dungeon Crawl Stone Soup version 0.19-a0-414-g76fec5b (webtiles) character file.

124413 Ijustatesigmund the Severer (level 16, -10/232 HPs)
             Began as a Hill Orc Fighter on May 31, 2016.
             Was a Priest of Uskayaw.
             Killed from afar by Aizul (21 damage)
             ... with a bolt of poison
             ... on level 1 of the Snake Pit.
             The game lasted 01:32:07 (22649 turns).

Ijustatesigmund the Severer (Hill Orc Fighter)     Turns: 22649, Time: 01:32:11

Health: -10/232    AC: 20    Str: 28    XL:     16   Next: 93%
Magic:  10/24      EV: 15    Int:  8    God:    Uskayaw [***...]
Gold:   1181       SH: 14    Dex: 15    Spells: 1 memorised, 13 levels left

rFire  . . .     SeeInvis +     a - +9 war axe
rCold  + . .     Gourm    .     N - +1 scale mail {rPois}
rNeg   . . .     Faith    .     c - +1 shield
rPois  .         Spirit   .     (helmet restricted)
rElec  .         Dismiss  .     w - +2 cloak
rCorr  .         Reflect  .     M - +2 pair of gloves {archery}
SustAt .         Harm     .     h - +1 pair of boots
MR     +....                    r - amulet of regeneration
Stlth  ..........               X - +3 ring of slaying
                                m - ring of protection from cold

@: berserking (expiring), lethally poisoned (-10 -> -56), poison vulnerable,
studying Crossbows, very quick, somewhat resistant to hostile enchantments,
extremely unstealthy
A: horns 1, rugged brown scales 1, see invisible, strong 1
a: Stomp, Line Pass, Renounce Religion


You were on level 1 of the Snake Pit.
You worshipped Uskayaw.
Uskayaw was most pleased with you.
You were not hungry.

You visited 6 branches of the dungeon, and saw 29 of its levels.
You also visited: Volcano.

You collected 2842 gold pieces.
You spent 1661 gold pieces at shops.

Inventory:

Hand Weapons
 a - a +9 war axe (weapon)
 L - the +9 arbalest of the Hall of Blades {velocity, rF+ Str+3 Dex-4}
   (You bought it in a shop on level 2 of the Orcish Mines)

   Any bolt fired from it inflicts extra damage.
   It affects your strength (+3).
   It affects your dexterity (-4).
   It protects you from fire.
 P - a +1 broad axe
 Z - a +2 hand crossbow of flaming
Missiles
 D - a silver javelin (quivered)
 Q - 20 javelins
 W - 77 bolts
Armour
 c - a +1 shield (worn)
 h - a +1 pair of boots (worn)
 w - a +2 cloak (worn)
 E - a +4 chain mail
 M - a +2 pair of gloves of archery (worn)
 N - a +1 scale mail of poison resistance (worn)
 O - the +5 plate armour of Responsibility {rPois Int-5 Slay+2, unknown}
   (You bought it in a shop on level 2 of the Snake Pit)

   It affects your intelligence (-5).
   It affects your accuracy and damage with ranged weapons and melee attacks
   (+2).
   It protects you from poison.
Jewellery
 f - an uncursed ring of sustain attributes
 m - a ring of protection from cold (left hand)
 n - an uncursed ring of positive energy
 r - an amulet of regeneration (around neck)
 y - an uncursed ring of ice
 S - an uncursed ring of protection from fire
 X - a +3 ring of slaying (right hand)
Wands
 s - a wand of acid (2/15)
 x - a wand of digging (6/24)
 T - a wand of lightning (1/15)
 Y - a wand of iceblast (0/15)
Scrolls
 d - a scroll of recharging
 t - 10 scrolls of remove curse
 u - 3 scrolls of magic mapping
 F - a scroll of amnesia
 G - 4 scrolls of teleportation
 H - 2 scrolls of fear
 J - 3 scrolls of blinking
 U - 2 scrolls of fog
Potions
 e - 4 potions of flight
 j - 5 potions of curing
 k - 5 potions of magic
 l - a potion of brilliance
 p - 3 potions of berserk rage
 q - 4 potions of mutation
 v - 3 potions of invisibility
 z - 2 potions of cancellation
 A - 2 potions of agility
 B - a potion of resistance
 K - 2 potions of haste
 R - 3 potions of cure mutation
 V - a potion of might
Books
 i - a manual of Crossbows
Miscellaneous
 I - a disc of storms
Comestibles
 b - a bread ration
 o - 9 meat rations


   Skills:
 - Level 16.0 Fighting
 + Level 18.1 Axes
 - Level 12.7 Crossbows
 - Level 6.9 Throwing
 + Level 9.9 Armour
 - Level 9.1 Dodging
 - Level 5.0 Stealth
 - Level 9.5 Shields
 + Level 11.6 Invocations


You had 13 spell levels left.
You knew the following spells:

 Your Spells              Type           Power        Failure   Level  Hunger
a - Swiftness             Chrm/Air       #.......     99%         2    ###....


Dungeon Overview and Level Annotations

Branches:
Dungeon (15/15)            Temple (1/1) D:6            Lair (8/8) D:8
 Shoals (0/4) Lair:6        Snake (2/4) Lair:5        Slime (0/6) Lair:7
    Orc (2/2) D:9             Elf (1/3) Orc:2        Vaults (0/5) D:13
 Depths (0/5) D:15

Altars:
Ashenzari
Cheibriados
Dithmenos
Elyvilon
Fedhas
Gozag
Hepliaklqana
Kikubaaqudgha
Makhleb
Nemelex Xobeh
Okawaru
Pakellas
Qazlal
Ru
Sif Muna
Trog
Uskayaw
Vehumet
Xom
Yredelemnul
Zin
The Shining One
Beogh
Lugonu

Shops:
D:5 (   Orc:2 !(:(   Snake:2 *

Annotations:
Snake:1 Aizul
Snake:2 Vashnia


Innate Abilities, Weirdness & Mutations

You have a pair of small horns on your head.
You are partially covered in rugged brown scales. (AC +1, +3% HP)
You have supernaturally acute eyesight. (SInv)
Your muscles are strong. (Str +2)


Message History

You feel sick. Aizul casts a spell at you. The bolt of poison hits you!
You are more poisoned.
You slash Aizul!
Aizul is heavily wounded.
* * * LOW HITPOINT WARNING * * *
You feel very sick.
You barely miss Aizul. Your headbutt misses Aizul.
Aizul is heavily wounded.
* * * LOW HITPOINT WARNING * * *
You feel sick. Aizul hits you but does no damage.
You slice Aizul!! You headbutt Aizul!
Aizul is almost dead.
* * * LOW HITPOINT WARNING * * *
You feel very sick.
Aizul coils himself and waves his upper body at you.
The bolt of poison hits you!
You are more poisoned.
You die...

##....###.#
#.....#...+
#.....+...#
#.....+%..###
#...†.#.....
##.>..#..%#
##...#...#
#'###)S.#
##.###†@)#####
#....)†........
######.........
##########


You could see Aizul.

Vanquished Creatures
  Asterion (Snake:1)
  Nessos (D:14)
  Snorg (Lair:6)
  2 vault guards (D:13)
  2 fire dragons
  4 naga warriors
  7 hydras
  The ghost of McCoppin the Wallflower, a journeyman DsGl of Uskayaw (Lair:1)
  3 anacondas
  Erolcha (D:12)
  The ghost of Gruesome the Bludgeoner, a journeyman GrFi of Hepliaklqana (Volcano)
  5 centaur warriors
  2 tengu warriors
  5 death yaks (Lair:8)
  3 deep troll earth magi (D:15)
  Urug (Lair:1)
  5 orc high priests
  A vampire mage (D:15)
  7 skeletal warriors (D:15)
  3 naga sharpshooters (Snake:2)
  7 sea snakes (Snake:2)
  A golden dragon zombie (D:15)
  4 unseen horrors
  2 deep trolls (D:15)
  4 hill giants
  Pikel (D:8)
  2 naga ritualists (Snake:1)
  A lindwurm (Lair:8)
  A deep elf archer (Orc:2)
  An orc knight (D:14)
  2 mana vipers (Snake:1)
  A harpy (shapeshifter) (D:15)
  3 wizards
  A deep elf mage (D:14)
  A fire giant zombie (D:15)
  A necromancer (D:15)
  A hornet (Lair:8)
  An orc sorcerer (Orc:2)
  7 ugly things
  2 griffons
  An oklob plant (Lair:6)
  2 wolf spiders
  4 salamanders
  2 manticores (D:14)
  2 cyclopes
  8 elephants
  Joseph (D:8)
  A siren (Lair:6)
  18 black mambas
  A guardian serpent (Lair:8)
  15 spiny frogs
  3 gargoyles
  A yaktaur (shapeshifter) (D:14)
  A rime drake (Lair:6)
  A freezing wraith (D:14)
  6 komodo dragons
  A yaktaur (D:14)
  A tengu conjurer (D:15)
  6 trolls
  3 merfolk (Lair:6)
  A polar bear (Lair:4)
  3 two-headed ogres
  12 blink frogs
  Prince Ribbit (D:8)
  2 slime creatures (Lair:7)
  A deep troll zombie (D:15)
  An ettin zombie (D:15)
  A centaur simulacrum (D:14)
  A shadow (D:13)
  3 redbacks (Lair:8)
  6 fire bats (Volcano)
  8 wyverns
  A hungry ghost (D:8)
  19 humans (D:13)
  11 hippogriffs
  4 basilisks
  46 yaks
  3 vampire mosquitoes (D:14)
  3 mottled dragons
  2 steam dragons
  2 wargs (Orc:2)
  14 nagas
  A soldier ant (D:10)
  26 water moccasins
  16 porcupines
  4 ice beasts
  A slave (D:8)
  21 orc warriors
  2 eyes of draining (D:13)
  4 black bears
  2 sky beasts
  5 wasps
  A necrophage (D:13)
  11 wolves
  12 ogres
  15 centaurs
  32 crocodiles
  A big kobold (D:7)
  Blork the orc (D:5)
  15 giant frogs
  2 wyvern skeletons
  A wyvern zombie (D:13)
  2 scorpions
  14 wights
  5 howler monkeys
  3 electric eels
  7 crimson imps
  4 centaur zombies
  A giant frog zombie (D:12)
  5 hounds
  7 centaur skeletons
  31 orc priests
  6 jellies
  29 orc wizards
  A giant frog skeleton (D:11)
  10 iguanas
  14 worker ants
  26 sheep
  2 hound zombies
  A worker ant zombie (D:9)
  21 adders
  3 gnolls (D:7)
  A howler monkey skeleton (D:10)
  72 river rats
  3 shadow imps
  2 oozes (D:4)
  An adder skeleton (D:8)
  6 worms
  3 dart slugs
  6 giant geckos
  101 orcs
  10 bats
  5 giant cockroaches
  11 goblins
  12 hobgoblins
  3 jackals
  4 quokkas
  2 ball pythons
  4 giant newts
  12 kobolds
  A quokka zombie (D:6)
  9 rats
  2 bushes
  9 fungi
  17 plants
  A withered plant (D:15)
985 creatures vanquished.

Vanquished Creatures (others)
  A necromancer (D:13)
  A wyvern (Volcano)
  2 slaves (D:8)
  10 fungi
  13 plants
27 creatures vanquished.

Grand Total: 1012 creatures vanquished

Notes
Turn   | Place    | Note
--------------------------------------------------------------
     0 | D:1      | Ijustatesigmund the Hill Orc Fighter began the quest for the Orb.
     0 | D:1      | Reached XP level 1. HP: 19/19 MP: 1/1
    57 | D:1      | Reached skill level 3 in Axes
    69 | D:1      | Reached XP level 2. HP: 27/27 MP: 2/2
   329 | D:1      | Reached XP level 3. HP: 33/33 MP: 3/3
   579 | D:2      | Found a sacrificial altar of Ru.
   602 | D:2      | Reached skill level 4 in Axes
   687 | D:2      | Reached XP level 4. HP: 34/41 MP: 4/4
  1018 | D:2      | Reached skill level 5 in Fighting
  1537 | D:2      | Reached XP level 5. HP: 47/48 MP: 5/5
  1646 | D:3      | Reached skill level 5 in Axes
  1738 | D:3      | Found an ancient bone altar of Kikubaaqudgha.
  1897 | D:3      | Found a sacrificial altar of Ru.
  2013 | D:3      | Found a deep blue altar of Sif Muna.
  2019 | D:3      | Found a burning altar of Makhleb.
  2104 | D:4      | Found a blossoming altar of Fedhas.
  2153 | D:4      | Found a sparkling altar of Nemelex Xobeh.
  2153 | D:4      | Found a basalt altar of Yredelemnul.
  2154 | D:4      | Found a shattered altar of Ashenzari.
  2376 | D:4      | Reached XP level 6. HP: 57/57 MP: 6/6
  2665 | D:4      | Reached skill level 6 in Axes
  2746 | D:5      | Entered Level 5 of the Dungeon
  2767 | D:5      | Found Diyjaq's Weapon Shoppe.
  2996 | D:5      | Reached XP level 7. HP: 62/66 MP: 7/7
  3004 | D:5      | Noticed Blork the orc
  3017 | D:5      | Killed Blork the orc
  3046 | D:5      | Found an oddly glowing altar of Pakellas.
  3357 | D:6      | Found a staircase to the Ecumenical Temple.
  3430 | D:6      | Reached skill level 7 in Axes
  3808 | D:6      | Found a bloodstained altar of Trog.
  3925 | D:7      | Noticed a hippogriff
  3937 | D:7      | Killed a hippogriff
  3937 | D:7      | Reached XP level 8. HP: 70/74 MP: 8/8
  4048 | Temple   | Entered the Ecumenical Temple
  4161 | Temple   | Became a worshipper of Uskayaw the Reveler
  4302 | D:7      | Reached * piety under Uskayaw
  4321 | D:7      | Reached ** piety under Uskayaw
  4323 | D:7      | Reached *** piety under Uskayaw
  4324 | D:7      | Reached skill level 5 in Armour
  4326 | D:7      | Reached **** piety under Uskayaw
  4331 | D:7      | Reached ***** piety under Uskayaw
  4445 | D:7      | Reached skill level 5 in Shields
  4450 | D:7      | Reached skill level 8 in Axes
  4637 | D:7      | Reached XP level 9. HP: 35/82 MP: 9/9
  5191 | D:8      | Reached skill level 9 in Axes
  5252 | D:8      | Noticed Prince Ribbit
  5264 | D:8      | Killed Prince Ribbit
  5371 | D:8      | Reached skill level 10 in Axes
  5374 | D:8      | Reached skill level 10 in Fighting
  5390 | D:8      | Reached XP level 10. HP: 35/93 MP: 10/10
  5390 | D:8      | Found a staircase to the Lair.
  5397 | Lair:1   | Entered Level 1 of the Lair of Beasts
  5397 | Lair:1   | Noticed a five-headed hydra
  5523 | Lair:1   | Noticed McCoppin's ghost (journeyman DsGl)
  5539 | Lair:1   | Killed McCoppin's ghost
  5539 | Lair:1   | Reached skill level 11 in Axes
  5647 | Lair:1   | Noticed a six-headed hydra
  5652 | Lair:1   | Noticed a spiny frog
  5794 | D:8      | Found a shimmering altar of Xom.
  5867 | D:8      | Noticed Joseph
  5883 | D:8      | Killed Joseph
  6070 | D:8      | Reached skill level 12 in Axes
  6074 | D:8      | Noticed Pikel
  6082 | D:8      | Killed Pikel
  6417 | D:9      | Reached skill level 1 in Invocations
  6428 | D:9      | Found a staircase to the Orcish Mines.
  6458 | D:9      | Reached XP level 11. HP: 104/104 MP: 12/12
  6848 | D:9      | Reached skill level 5 in Invocations
  7078 | D:10     | Entered Level 10 of the Dungeon
  7372 | D:10     | Noticed a hill giant
  7386 | D:10     | Killed a hill giant
  7612 | D:11     | Noticed a hill giant
  7624 | D:11     | Killed a hill giant
  7645 | D:11     | Noticed a hill giant
  7655 | D:11     | Killed a hill giant
  7655 | D:11     | Reached skill level 1 in Dodging
  7944 | D:11     | You fall through a shaft!
  7963 | D:12     | Noticed an unseen horror
  7979 | D:12     | Killed an unseen horror
  8210 | D:12     | Noticed a cyclops
  8218 | D:12     | Killed a cyclops
  8218 | D:12     | Reached skill level 5 in Dodging
  8226 | D:12     | Noticed Erolcha
  8236 | D:12     | Killed Erolcha
  8267 | D:12     | Reached XP level 12. HP: 105/112 MP: 18/18
  8463 | D:12     | Reached skill level 1 in Throwing
  9152 | D:13     | Noticed a centaur warrior
  9157 | D:13     | Killed a centaur warrior
  9297 | D:13     | Reached ****** piety under Uskayaw
  9338 | D:13     | Found a gate to the Vaults.
  9339 | D:13     | Noticed a vault guard
  9339 | D:13     | Noticed a vault guard
  9348 | D:13     | Killed a vault guard
  9348 | D:13     | Reached skill level 5 in Throwing
  9348 | D:13     | Killed a vault guard
  9543 | D:13     | Noticed a centaur warrior
  9555 | D:13     | Killed a centaur warrior
  9555 | D:13     | Reached XP level 13. HP: 96/118 MP: 19/19
  9577 | D:13     | Identified a scroll of acquirement
  9697 | D:13     | Found a roughly hewn altar of Beogh.
 10530 | D:14     | Noticed Nessos
 10545 | D:14     | Reached skill level 13 in Axes
 10562 | D:14     | Killed Nessos
 10865 | D:14     | Noticed a fire dragon
 10876 | D:14     | Killed a fire dragon
 10893 | D:14     | Reached skill level 14 in Axes
 11040 | D:14     | Identified Sif Muna's Papyrus of Burning Feathers
 11044 | D:14     | Learned a level 2 spell: Swiftness
 11307 | D:14     | Found an oddly glowing altar of Pakellas.
 11687 | Lair:1   | Noticed Urug
 11704 | Lair:1   | Killed Urug
 11969 | Lair:1   | Reached XP level 14. HP: 117/132 MP: 20/20
 12219 | Lair:2   | Reached skill level 15 in Axes
 13643 | Lair:4   | Reached skill level 15 in Fighting
 14170 | Lair:4   | Reached skill level 16 in Axes
 14466 | Lair:5   | Found a staircase to the Snake Pit.
 14756 | Lair:5   | Reached skill level 1 in Stealth
 15244 | Lair:6   | Reached skill level 1 in Crossbows
 15246 | Lair:6   | Found a staircase to the Shoals.
 15934 | Lair:6   | Noticed Snorg
 15946 | Lair:6   | Killed Snorg
 16131 | Lair:6   | Reached skill level 5 in Crossbows
 16434 | Lair:7   | Found a dark tunnel.
 16441 | Volcano  | Entered a volcano
 16572 | Volcano  | Reached XP level 15. HP: 141/141 MP: 21/21
 16651 | Volcano  | Noticed Gruesome's ghost (journeyman GrFi)
 16689 | Volcano  | Killed Gruesome's ghost
 16737 | Volcano  | Reached skill level 5 in Stealth
 16834 | Lair:7   | Gained mutation: You have supernaturally acute eyesight. (SInv) [potion of mutation]
 16834 | Lair:7   | Gained mutation: You have a pair of small horns on your head. [potion of mutation]
 16834 | Lair:7   | Gained mutation: You are partially covered in rugged brown scales. (AC +1, +3% HP) [potion of mutation]
 17068 | Lair:7   | Found a staircase to the Slime Pits.
 17393 | Lair:7   | Gained mutation: Your muscles are strong. (Str +2) [potion of beneficial mutation]
 17480 | Lair:8   | Entered Level 8 of the Lair of Beasts
 17502 | Lair:8   | Reached skill level 10 in Crossbows
 18629 | Orc:1    | Entered Level 1 of the Orcish Mines
 18822 | Orc:2    | Entered Level 2 of the Orcish Mines
 18956 | Orc:2    | Found a staircase to the Elven Halls.
 19384 | Orc:2    | Found Yci Ypp's Antique Weapon Boutique.
 19393 | Orc:2    | Found Fuimm's Distillery.
 19397 | Orc:2    | Found Zochesoe's Book Shop.
 19403 | Orc:2    | Found Banosel's Antique Weapon Shop.
 19443 | Orc:2    | Bought a potion of resistance for 150 gold pieces
 19445 | Orc:2    | Bought an ivory battleaxe for 299 gold pieces
 19448 | Orc:2    | Bought an encrusted arbalest for 218 gold pieces
 19455 | Orc:2    | Identified the +9 arbalest of the Hall of Blades {velocity, rF+ Str+3 Dex-4} (You bought it in a shop on level 2 of the Orcish Mines)
 19456 | Orc:2    | Identified the +5 battleaxe of the Pillar {chop, MR+} (You bought it in a shop on level 2 of the Orcish Mines)
 19671 | Elf:1    | Entered Level 1 of the Elven Halls
 19859 | D:15     | Entered Level 15 of the Dungeon
 20007 | D:15     | Reached XP level 16. HP: 155/155 MP: 22/22
 20108 | D:15     | Found a staircase to the Depths.
 20378 | D:15     | Found a corrupted altar of Lugonu.
 20525 | D:15     | Reached skill level 17 in Axes
 21059 | D:15     | Reached skill level 10 in Invocations
 21573 | Snake:1  | Entered Level 1 of the Snake Pit
 21641 | Snake:1  | You fall through a shaft!
 21853 | Snake:2  | Found Denkut's Assorted Antiques.
 21880 | Snake:2  | Bought a scroll of enchant armour for 210 gold pieces
 21880 | Snake:2  | Bought an amber-studded plate armour for 784 gold pieces
 22310 | Snake:2  | Noticed Vashnia
 22612 | Snake:1  | Reached skill level 18 in Axes
 22614 | Snake:1  | Noticed Asterion
 22628 | Snake:1  | Killed Asterion
 22637 | Snake:1  | Noticed Aizul
 22649 | Snake:1  | HP: 11/232 [poisoned by Aizul (bolt of poison)]
 22649 | Snake:1  | Killed from afar by Aizul

Vault maps used:
D:1:      dpeg_arrival_tiny_g, minmay_liquid_box
D:2:      nicolae_overflow_hidden_temple
D:3:      amethyst_overflow_temple_binary, overflow_temple_1_default, hex_large,
          nicolae_ru_path_of_blood
D:4:      gammafunk_temple_overflow_forgotten, first_bread, fedhas_altar_3
D:5:      serial_shops, nicolae_shop_waterfront, grunt_pakellas_mercury,
          uniq_blork_the_orc
D:6:      bloody_trog, minmay_temple_entry_from_below_a
D:8:      minmay_lair_entry_grove, basic_altar, uniq_joseph,
          uniq_prince_ribbit1, uniq_pikel
D:9:      orc_0_dummy
D:11:     serial_shops, shop, uniq_grum, uniq_josephine
D:12:     statuecave_lemuel, uniq_erolcha
D:13:     grunt_vaults_entry_tiered, special_room
D:14:     minmay_stepped, lemuel_doored_altar, uniq_nessos
D:15:     gammafunk_depths_entry_grave, minmay_misc_feat_five, tgw_lugonu_bribe
Temple:   minmay_temple_curvy_14
Lair:1:   infiniplex_staircase_pool_2, uniq_urug
Lair:4:   st_stairs_6
Lair:5:   minmay_snake_entry_guardpost_small
Lair:6:   elwin_shoals_entry_stream, uniq_snorg
Lair:7:   minmay_slime_entry_pillars, enter_volcano_4
Lair:8:   hangedman_lair_tendril_chambers, minmay_stone_trees_small,
          serial_bayou_pond_c
Snake:1:  grunt_megastairs_2, uniq_aizul, uniq_asterion
Snake:2:  serial_shops, nicolae_shop_stone, nicolae_snake_round_shape_thing,
          serial_bayou_lake_a, uniq_vashnia
Orc:2:    st_orc_mages
Elf:1:    minmay_elf_arrival_circle, orc_legates, uniq_azrael, uniq_roxanne
Volcano:  pf_volcano_lost_world

Skill      XL: |  1  2  3  4  5  6  7  8  9 10 11 12 13 14 15 16 |
---------------+-------------------------------------------------+-----
Axes           | 3 4 5 6 7 8 10 12 14 16 18 | 18.1
Fighting       | 4 5 6 7 8 10 12 14 15 16 | 16.0
Armour         | 4 6 7 9 |  9.9
Shields        | 4 5 7 8 9 |  9.5
Invocations    | 2 9 11 | 11.6
Dodging        | 5 8 9 |  9.1
Throwing       | 6 |  6.9
Stealth        | 4 5 |  5.0
Crossbows      | 6 12 | 12.7

Action                   |  1- 3 |  4- 6 |  7- 9 | 10-12 | 13-15 | 16-18 || total
-------------------------+-------+-------+-------+-------+-------+-------++-------
Melee: War axe           |   113 |   223 |   237 |   528 |  1299 |   293 ||  2693
       Headbutt          |       |       |       |       |   105 |    89 ||   194
 Fire: Hand crossbow     |       |       |       |       |    19 |    20 ||    39
       Arbalest          |       |       |       |       |     8 |       ||     8
Throw: Javelin           |       |       |     1 |     6 |    12 |     1 ||    20
Invok: Stomp             |       |       |       |     1 |       |       ||     1
       Grand Finale      |       |       |       |       |       |     2 ||     2
Evoke: Wand              |       |       |     2 |     3 |    11 |     1 ||    17
  Use: Scroll            |       |    12 |     7 |     8 |    18 |     3 ||    48
       Potion            |       |       |       |     2 |    15 |     6 ||    23
 Stab: Paralysed         |       |       |    13 |    48 |   131 |    39 ||   231
       Distracted        |       |       |       |       |     4 |       ||     4
       Invisible         |       |       |       |       |    10 |       ||    10
       Sleeping          |       |       |       |       |     3 |     1 ||     4
  Eat: Chunk             |       |     7 |     5 |    10 |    18 |     1 ||    41
       Beef jerky        |       |       |     1 |       |     2 |       ||     3
       Bread ration      |       |       |     1 |     1 |     1 |     1 ||     4
       Fruit             |       |       |       |       |     6 |     4 ||    10
       Royal jelly       |       |       |       |       |     2 |       ||     2
       Pizza             |       |       |       |       |     1 |     2 ||     3
Armor: Scale mail        |    60 |   108 |     2 |    57 |   257 |    52 ||   536
       Chain mail        |       |       |   107 |   112 |    15 |    45 ||   279
       Ring mail         |       |       |       |       |    87 |       ||    87
Dodge: Dodged            |    38 |    62 |    38 |   122 |   561 |   103 ||   924
Block: Shield            |    63 |   126 |   103 |   264 |   681 |   180 ||  1417
